 Dungeon Crawl Stone Soup version 0.20.1-1-g8b1a95d (webtiles) character file.

73 letownia2 the Grave Robber (level 4, -13/36 HPs)
             Began as a Deep Dwarf Necromancer on Nov 2, 2017.
             Mangled by an ogre
             ... wielding a +0 giant club
              (18 damage)
             ... on level 4 of the Dungeon.
             The game lasted 00:02:27 (864 turns).

letownia2 the Grave Robber (Deep Dwarf Necromancer)  Turns: 864, Time: 00:02:28

Health: -13/36     AC:  8    Str: 16    XL:     4   Next: 8%
Magic:  6/8        EV:  7    Int: 16    God:
Gold:   27         SH:  0    Dex: 13    Spells: 7/8 levels left

rFire    . . .     SeeInvis .   a - +0 short sword
rCold    . . .     Gourm    .   (no shield)
rNeg     . . .     Faith    .   i - +0 chain mail (curse)
rPois    .         Spirit   .   (no helmet)
rElec    .         Reflect  .   (no cloak)
rCorr    .         Harm     .   (no gloves)
MR       .....                  (no boots)
Stlth    ..........             (no amulet)
Regen    0.0/turn               g - +4 ring of strength
MPRegen  0.2/turn               (no ring)

@: non-regenerating
A: damage resistance, heal wounds, sense surroundings 1, no regeneration
a: Heal Wounds


You were on level 4 of the Dungeon.
You were not hungry.

You visited 1 branch of the dungeon, and saw 5 of its levels.

You collected 27 gold pieces.

Inventory:

Hand Weapons
 a - a +0 short sword (weapon)
Missiles
 h - 15 sling bullets
Armour
 e - a +0 robe
 i - a cursed +0 chain mail (worn)
Jewellery
 g - a +4 ring of strength (left hand)
Potions
 d - 2 potions of ambrosia {unknown}
 f - a potion of flight {unknown}
 k - a potion of heal wounds {unknown}
Books
 b - a book of Necromancy

   Spells                             Type                      Level
   a - Pain                           Necromancy                   1
   b - Animate Skeleton               Necromancy                   1
   c - Vampiric Draining              Necromancy                   3
   d - Regeneration                   Charms/Necromancy            3
   e - Animate Dead                   Necromancy                   4
   f - Control Undead                 Necromancy                   4
Comestibles
 c - a bread ration


   Skills:
 + Level 0.2 Armour
 - Level 2.1 Dodging
 - Level 2.4 Stealth
 - Level 2.7 Spellcasting
 + Level 5.4 Necromancy


You had 7 spell levels left.
You knew the following spells:

 Your Spells              Type           Power        Failure   Level  Hunger
a - Pain                  Necr           ###.         38%         1    #......


Dungeon Overview and Level Annotations

Branches:
Dungeon (5/15)
 Temple: D:4-7

Altars:
Qazlal

Annotations:
D:4 exclusion: ogre


Innate Abilities, Weirdness & Mutations

You are resistant to damage.
You can heal yourself by infusing magical energy.
You passively map a small area around you.
You do not regenerate.


Message History

The adder skeleton barely misses you.
Your magical contamination has completely faded away.
You hit the adder skeleton.
You destroy the adder skeleton!
Casting: Pain
Confirm with . or Enter, or press ? or * to list all spells.
Aiming: Pain
Press: ? - help, Shift-Dir - straight line, f/p - ogre
Aim: an ogre, wielding a giant club (chance to defeat MR: 78%)
The ogre writhes in agony!
The ogre hits you with a giant club!!
Ouch! That really hurt!
* * * LOW HITPOINT WARNING * * *
Casting: Pain
Confirm with . or Enter, or press ? or * to list all spells.
Aiming: Pain
Press: ? - help, Shift-Dir - straight line, f/p - ogre
Aim: an ogre, wielding a giant club (lightly wounded, chance to defeat MR: 78%)
The ogre writhes in agony!
The ogre hits you with a giant club!!
Ouch! That really hurt!
You die...

#.....(... ...............#
#......# * .####......#...#
#......####.######..#.....# *
###.##...........#..##....# *
#.######.#####.#........######.
#...# #.# #.#......#(#......
###.# #.# #...###.###.......
###.####.# #O###....#...<....
#..)..##.#####@# #.#O#.#.#####.
#.#.#.##.......# #.#.###.# ,
#.†.#.########## #.#..##.# *
#..##.# ######.##.##.# #..##.#
#.......#.#..) , #.....#
#.####........, #* ##.####
#.#.........## .###
#....#######.......##..###....
####..........)....##..#......


You could see an ogre.

Vanquished Creatures
  A scorpion (D:4)
  An adder (D:5)
  An adder skeleton (D:4)
  A leopard gecko (D:3)
  A ball python (D:3)
  2 goblins
  A hobgoblin (D:1)
  A kobold (D:1)
  A bat (D:1)
  A frilled lizard (D:4)
  A rat (D:3)
12 creatures vanquished.

Notes
Turn   | Place    | Note
-------+----------+-------------------------------------------
     0 | D:1      | letownia2 the Deep Dwarf Necromancer began the quest for the Orb.
     0 | D:1      | Reached XP level 1. HP: 15/15 MP: 3/3
   407 | D:3      | Reached XP level 2. HP: 22/22 MP: 0/4
   457 | D:4      | Noticed an ogre
   587 | D:5      | Entered Level 5 of the Dungeon
   591 | D:5      | Reached skill level 5 in Necromancy
   636 | D:5      | Found a stormy altar of Qazlal.
   698 | D:4      | Noticed a scorpion
   731 | D:4      | Killed a scorpion
   731 | D:4      | Reached XP level 3. HP: 21/28 MP: 0/7
   731 | D:4      | Reached XP level 4. HP: 27/36 MP: 0/8
   836 | D:4      | Noticed an ogre
   864 | D:4      | Mangled by an ogre

Skill      XL: |  1  2 |
---------------+-------+-----
Spellcasting   | 2 |  2.7
Necromancy     | 5 |  5.4
Armour         | |  0.2
Dodging        | |  2.1
Stealth        | |  2.4

Action                   |  1- 3 |  4- 6 || total
-------------------------+-------+-------++-------
Melee: Short sword       |     6 |    11 ||    17
 Cast: Pain              |    24 |     4 ||    28
Armor: Robe              |     1 |       ||     1
       Chain mail        |     3 |     6 ||     9
Dodge: Dodged            |     4 |     6 ||    10
